 Dungeon Crawl Stone Soup version 0.26-a0-952-g76694b35de (webtiles) character file.

Game seed: 2013754232289782651

490 KCGemini the Ducker (level 6, 30/30 HPs)
             Began as a Felid Berserker on Nov 29, 2020.
             Was a Priest of Trog.
             Quit the game on level 6 of the Dungeon.
             The game lasted 00:06:12 (6137 turns).

KCGemini the Ducker (Felid Berserker)               Turns: 6137, Time: 00:06:13

Health: 30/30      AC:  3    Str: 13    XL:     6   Next: 90%
Magic:  7/7        EV: 22    Int:  8    God:    Trog [***...]
Gold:   161        SH:  0    Dex: 18    Spells: 5/5 levels left
                                        Lives:  1   Deaths: 1

rFire    . . .     SeeInvis +     - Unarmed
rCold    . . .     Faith    .   (shield unavailable)
rNeg     . . .     Spirit   .   (armour unavailable)
rPois    .         Reflect  .   (helmet unavailable)
rElec    .         Harm     .   (cloak unavailable)
rCorr    .         Rampage  .   (gloves unavailable)
MR       .....                  (boots unavailable)
Stlth    ++++......             o - amulet of the acrobat
HPRegen  0.10/turn              (no ring)
MPRegen  0.10/turn              (no ring)

@: quick
A: very small, no armour, no weapons or thrown items, stealth, claws 1, fangs 3,
rugged brown scales 1, see invisible, speed 1, shaggy fur 2, wild magic 1, sharp
paws
a: Berserk, Trog's Hand, Renounce Religion


You were on level 6 of the Dungeon.
You worshipped Trog.
Trog was most pleased with you.
You visited 1 branch of the dungeon, and saw 6 of its levels.

You collected 216 gold pieces.
You spent 55 gold pieces at shops.

Inventory:

Jewellery
 o - an amulet of the acrobat (around neck)
Wands
 b - a wand of disintegration (15)
 d - a wand of enslavement (8)
Scrolls
 c - 5 scrolls of remove curse
 e - 6 scrolls of identify
 h - 2 scrolls of immolation
 j - 4 scrolls of teleportation
 n - 2 scrolls of amnesia {unknown}
 r - a scroll of fog
Potions
 a - 2 potions of heal wounds
 f - 3 potions of attraction {unknown}
 g - a potion of flight {unknown}
 i - a potion of invisibility {unknown}
 k - a potion of haste {unknown}
 l - 2 potions of resistance {unknown}
 m - 3 potions of curing
 p - a potion of magic {unknown}
 q - a potion of brilliance {unknown}


   Skills:
 + Level 5.0 Fighting
 + Level 6.6 Dodging
 + Level 5.5 Stealth
 * Level 6.4 Unarmed Combat


You had 5 spell levels left.
You didn't know any spells.
Your spell library was empty.

Dungeon Overview and Level Annotations

Branches:
Dungeon (6/15)             Temple (0/1) D:4

Altars:
Ashenzari
Elyvilon
Gozag
Kikubaaqudgha
Makhleb
Vehumet
Xom
The Shining One

Shops:
D:4 *([(   D:5 :

Annotations:
D:4 1 runed translucent door, Sun's ghost, novice HuHu
D:6 Prince Ribbit


Innate Abilities, Weirdness & Mutations

You cannot wear armour.
You are incapable of wielding weapons or throwing items.
Your paws allow you to move quietly. (Stealth)
You have sharp claws.
You have razor-sharp teeth.
You have supernaturally acute eyesight. (SInv)
You cover ground quickly.
You are covered in thick fur. (AC +2)
Your sharp claws are effective at attacking unaware monsters.
You are partially covered in rugged brown scales. (AC +1, +3% HP)
Your spells are a little harder to cast, but a little more powerful.


Message History

You claw Prince Ribbit! Your bite misses Prince Ribbit.
Prince Ribbit blinks!
You feel a strong urge to attack something.
You are no longer berserk.
You are exhausted.
You feel yourself slow down.
You barely miss Prince Ribbit. Your bite misses Prince Ribbit.
You feel the effects of Trog's Hand fading.
Prince Ribbit closely misses you.
You miss Prince Ribbit. Prince Ribbit hits you! x2
* * * LOW HITPOINT WARNING * * *
Unknown command.
Prince Ribbit completely misses you.
Aim: Prince Ribbit (moderately wounded, chance to defeat MR: 48%) Prince Ribbit resists with some effort.
Prince Ribbit hits you!
You die...
Prince Ribbit barely misses you.
You are now level 6!
You rejoin the land of the living...
Found a scroll of identify, a robe and a scroll labelled CUITY NEXO.
A leopard gecko skeleton comes into view.

... ## ..# .# ..
####.##.# ..# #
#..Z....# ...## #
#.......# #...###
#.......#.######.....
#....................
#...@...# #.......
#?........####.......
#.......[#......(....
####.?.### ..........
#.#.# ##.....F† #.#..
#####...... #.#...
...........
#.#......##.......
............


You could see a leopard gecko skeleton (dormant).

Vanquished Creatures
  An ogre (D:6)
  A centaur (D:6)
  2 bullfrogs (D:6)
  A jelly (D:5)
  A howler monkey (D:5)
  2 orc priests
  A hound (D:4)
  3 orc wizards
  2 iguanas
  5 worker ants
  A worker ant zombie (D:6)
  7 gnolls
  6 adders
  2 oozes
  3 worms
  A dart slug (D:1)
  3 leopard geckos
  12 orcs
  4 ball pythons
  4 bats
  3 giant cockroaches
  7 hobgoblins
  8 jackals
  4 quokkas
  6 frilled lizards
  7 goblins
  A jackal skeleton (D:6)
  11 kobolds
  A quokka skeleton (D:4)
  A quokka zombie (D:5)
  7 rats
  A butterfly (D:4)
119 creatures vanquished.

Vanquished Creatures (others)
  A hound skeleton (D:2)
1 creature vanquished.

Grand Total: 120 creatures vanquished

Notes
Turn   | Place    | Note
-------+----------+-------------------------------------------
     0 | D:1      | KCGemini the Felid Berserker began the quest for the Orb.
     0 | D:1      | Reached XP level 1. HP: 10/10 MP: 2/2
     3 | D:1      | Found a broken altar of Ashenzari.
   357 | D:1      | Reached skill level 1 in Stealth
   357 | D:1      | Reached XP level 2. HP: 14/14 MP: 3/3
   748 | D:1      | Reached ** piety under Trog
  1062 | D:1      | Reached XP level 3. HP: 17/17 MP: 4/4
  1370 | D:2      | Found a radiant altar of Vehumet.
  1779 | D:2      | Found a glowing golden altar of the Shining One.
  1867 | D:2      | Reached XP level 4. HP: 14/21 MP: 5/5
  2931 | D:3      | Reached XP level 5. HP: 25/25 MP: 6/6
  3009 | D:3      | Found an opulent altar of Gozag.
  3033 | D:3      | Reached skill level 5 in Dodging
  3086 | D:3      | Reached *** piety under Trog
  3480 | D:3      | Gained mutation: You are partially covered in rugged brown
                  | scales. (AC +1, +3% HP) [potion of mutation]
  3480 | D:3      | Gained mutation: Your spells are a little harder to cast,
                  | but a little more powerful. [potion of mutation]
  3559 | D:4      | Found a shimmering altar of Xom.
  3782 | D:4      | Found Hucwargh's General Store.
  3785 | D:4      | Bought a potion of heal wounds for 55 gold pieces
  3877 | D:4      | Gained mutation: You are covered in thick fur. (AC +2)
                  | [Felid growth]
  3877 | D:4      | Reached XP level 6. HP: 21/28 MP: 7/7
  4097 | D:4      | Found a staircase to the Ecumenical Temple.
  4114 | D:4      | Found a runed translucent door.
  4119 | D:4      | Noticed Sun's ghost (novice HuHu)
  4161 | D:4      | Found Mouhul's Antique Weapon Shop.
  4233 | D:4      | Found Yseak's Weapon Shop.
  4276 | D:4      | Found Kicsowyn's Armour Shoppe.
  4316 | D:4      | Found a white marble altar of Elyvilon.
  4447 | D:4      | Reached skill level 5 in Unarmed Combat
  4612 | D:5      | Entered Level 5 of the Dungeon
  4643 | D:5      | Found a burning altar of Makhleb.
  5143 | D:5      | Found an ancient bone altar of Kikubaaqudgha.
  5425 | D:5      | Found Woiwy's Book Shoppe.
  5505 | D:5      | Reached XP level 7. HP: 33/33 MP: 8/8
  5738 | D:6      | Reached skill level 5 in Stealth
  6094 | D:6      | Noticed Prince Ribbit
  6129 | D:6      | Reached skill level 5 in Fighting
  6136 | D:6      | Mangled by Prince Ribbit
  6137 | D:6      | Reached XP level 6. HP: -7/30 MP: 7/7
  6137 | D:6      | Quit the game

Illustrated notes

Levels and vault maps discovered:
D:1:      dpeg_arrival_arbitrary_b, layout_basic, ashenzari_altar_1
D:2:      layout_rooms, fiery_altar_vehumet, lemuel_crystal_altar
D:3:      layout_basic, grunt_gozag_statues
D:4:      layout_basic, elyvilon_altar_4, xom_butterflies,
          minmay_temple_entry_hall, ebering_ghost_reflecting_pool, serial_shops,
          nicolae_shop_behind_doors, kennysheep_mini, shop_fountains,
          nicolae_shop_behind_doors
D:5:      layout_loops_ring, nicolae_overflow_crystal_walls,
          lemuel_crystal_altar, serial_shops, kennysheep_little_box
D:6:      layout_rooms, guppyfry_shop_venom, uniq_prince_ribbit1, uniq_menkaure,
          uniq_crazy_yiuf_cottage

Skill      XL: |  1  2  3  4  5  6  7 |
---------------+----------------------+-----
Stealth        | 1 2 3 4 5 |  5.5
Unarmed Combat | 4 5 6 |  6.4
Dodging        | 5 6 |  6.6
Fighting       | 4 5 |  5.0

Action                   |  1- 3 |  4- 6 |  7- 9 || total
-------------------------+-------+-------+-------++-------
Melee: Unarmed           |    94 |   147 |    57 ||   298
       Bite              |     6 |    13 |     4 ||    23
       Punch             |       |     2 |       ||     2
Invok: Berserk           |     7 |     8 |     3 ||    18
       Trog's Hand       |     2 |     1 |     2 ||     5
Evoke: Wand              |       |       |     1 ||     1
  Use: Scroll            |       |     9 |       ||     9
       Potion            |       |     2 |       ||     2
 Stab: Sleeping          |     5 |    14 |     2 ||    21
Armor: Skin              |     3 |     5 |     1 ||     9
Dodge: Dodged            |    70 |   100 |    82 ||   252

Table legend: (Time is in decaauts)
 A = Elapsed time spent in this place.
 B = Non-inter-level travel time spent in this place.
 C = Inter-level travel time spent in this place.
 D = Time resting spent in this place.
 E = Time spent auto-exploring this place.
 F = Levels seen in this place.
 G = Mean time per level.
                   A        B        C        D        E       F      G
               +--------+--------+--------+--------+--------+-----+--------+
         Total |   5688 |   5572 |    116 |   2091 |   2815 |   6 |  948.0 |
       Dungeon |   5688 |   5572 |    116 |   2091 |   2815 |   6 |  948.0 |
               +--------+--------+--------+--------+--------+-----+--------+

Top non-repeatable levels by time:
     D:5: 1285 daAuts
     D:1: 1271 daAuts
     D:3: 1089 daAuts
     D:4: 989 daAuts
     D:2: 927 daAuts
     D:6: 125 daAuts
